 Dungeon Crawl Stone Soup version 0.30-a0-782-ge64f9170bb (webtiles) character file.

Game seed: 16440997377119952737

37 Leeroy the Insei (level 3, 0/23 HPs)
             Began as an Octopode Transmuter on Feb 22, 2023.
             Succumbed to an adder's poison
             ... on level 2 of the Dungeon.
             The game lasted 00:00:50 (984 turns).

Leeroy the Insei (Octopode Transmuter)               Turns: 984, Time: 00:00:51

Health: 0/23       AC:  1    Str:  9    XL:     3   Next: 39%
Magic:  6/6        EV: 13    Int: 17    God:
Gold:   49         SH:  0    Dex: 12    Spells: 5/6 levels left

rFire   . . .      SeeInvis .      - Unarmed
rCold   . . .      Faith    .    (no shield)
rNeg    . . .      Spirit   .    (helmet restricted)
rPois   .          Reflect  .    (no amulet)
rElec   .          Harm     .    (no ring)
rCorr   .          Rampage  .    (no ring)
Will    .....                    (no ring)
Stlth   ++                       (no ring)
HPRegen 0.23/turn                (no ring)
MPRegen 0.10/turn                (no ring)
                                 (no ring)
                                 (no ring)

@: lethally poisoned (0 -> -2)
A: almost no armour, amphibious, 8 rings, camouflage 1, gelatinous body 1,
(nimble swimmer 1), tentacles
a: no special abilities


You were on level 2 of the Dungeon.
You visited 1 branch of the dungeon, and saw 2 of its levels.

You collected 49 gold pieces.

Inventory:

Scrolls
 b - a scroll of magic mapping {unknown}
 d - a scroll of enchant armour {unknown}
 e - a scroll of poison {unknown}
 f - a scroll of noise {unknown}
Potions
 a - a potion of lignification
 c - a potion of attraction {unknown}


   Skills:
 - Level 1.0 Fighting
 - Level 2.0 Dodging
 + Level 4.3 Unarmed Combat
 - Level 2.0 Spellcasting
 - Level 2.0 Transmutations


You had 5 spell levels left.
You knew the following spells:

 Your Spells              Type           Power      Damage    Failure   Level
a - Beastly Appendage     Tmut           16%        N/A       9%          1

Your spell library contained the following spells:

 Spells                   Type           Power      Damage    Failure   Level
 Wereblood                Tmut           8%         N/A       13%         2
 Spider Form              Tmut/Pois      5%         N/A       36%         3
 Ice Form                 Ice/Tmut       5%         N/A       77%         4


Dungeon Overview and Level Annotations

Branches:
Dungeon (2/15)

Altars:

Shops:
D:2 (


Innate Abilities, Weirdness & Mutations

You cannot wear most types of armour.
You are amphibious.
You can wear up to eight rings at the same time.
Your skin changes colour to match your surroundings (Stealth+).
Your rubbery body absorbs attacks. (AC +1, EV +1)
((You are camouflaged when in or above water. (Stealth+)))
You have tentacles for arms and can constrict up to eight enemies at once.


Message History

The hobgoblin shouts!
A hobgoblin is nearby!
A giant cockroach comes into view.
A hobgoblin comes into view.
An adder comes into view.
An endoplasm comes into view.
The hobgoblin shouts!
The endoplasm quivers.
The hobgoblin completely misses you.
A ball python comes into view.
The ball python hisses angrily.
You tentacle-slap the hobgoblin. Your grab misses the hobgoblin.
The hobgoblin is severely wounded.
The hobgoblin misses you. The giant cockroach bites you.
You tentacle-slap the hobgoblin.
You kill the hobgoblin!
The giant cockroach bites you.
You closely miss the adder. You grab the adder. You constrict the adder.
The adder barely misses you.
The giant cockroach bites you but does no damage.
The hobgoblin hits you.
You tentacle-slap the adder.
The adder is heavily wounded.
You constrict the adder. The adder bites you.
A worm comes into view.
The giant cockroach barely misses you. The hobgoblin hits you.
You are too injured to fight recklessly!
You release your grip on the adder.
The adder attacks as you move away! The adder bites you.
The giant cockroach attacks as you move away!
The giant cockroach barely misses you. The hobgoblin hits you.
* * * LOW HITPOINT WARNING * * *
The adder bites you.
* * * LOW HITPOINT WARNING * * *
You are lethally poisoned!
The adder poisons you! The hobgoblin attacks as you move away!
The hobgoblin hits you.
* * * LOW HITPOINT WARNING * * *
The adder attacks as you move away! The adder closely misses you.
* * * LOW HITPOINT WARNING * * *
You feel sick.
You die...

.. .. #.# # #. #> #.#
.###.##### #.# #.#
..w..<..###.###)#
#......##...##.#
#.........#....#
###....g.##...##.#
#.....JB..##.###.####
.......SS.@...........
##.....(...##.###.....
..................####
##..##..(.###.###.#
#.. #....# #.# #.# #.
#.....# #.# # ........
..# .#..... ###


You could see a worm (wandering), an adder, an endoplasm, a giant cockroach, a
hobgoblin and a ball python.

Vanquished Creatures
  A dart slug (D:1)
  An orc (D:2)
  A ball python (D:2)
  2 endoplasms (D:1)
  A giant cockroach (D:2)
  2 goblins (D:1)
  7 hobgoblins
  2 jackals (D:1)
  3 quokkas
  3 frilled lizards (D:1)
  3 kobolds
  4 rats
30 creatures vanquished.

Notes
Turn   | Place    | Note
-------+----------+-------------------------------------------
     0 | D:1      | Leeroy the Octopode Transmuter began the quest for the Orb.
     0 | D:1      | Reached XP level 1. HP: 13/13 MP: 3/3
   142 | D:1      | Found a faded altar of an unknown god.
   287 | D:1      | Reached XP level 2. HP: 18/18 MP: 5/5
   400 | D:1      | Reached skill level 4 in Unarmed Combat
   575 | D:1      | Reached XP level 3. HP: 23/23 MP: 6/6
   838 | D:2      | Found Namoqygg's Antique Weapon Shoppe.
   983 | D:2      | HP: 1/23 [poisoned by an adder]
   984 | D:2      | Succumbed to an adder's poison

Illustrated notes

Levels and vault maps discovered:
D:1:      dpeg_arrival_three_same_balls, layout_loops_cross,
          ebering_ecumenical_altar_mist
D:2:      layout_loops_ring, basic_altar, serial_shops,
          nicolae_shop_overgrown_old_shop

Skill      XL: |  1  2 |
---------------+-------+-----
Unarmed Combat | 4 |  4.3
Fighting       | |  1.0
Dodging        | |  2.0
Spellcasting   | |  2.0
Transmutations | |  2.0

Action                     || total
---------------------------++-------
  Melee: Unarmed           ||    69
         Tentacles         ||    12
         Constrict         ||    15
         Punch             ||     2
   Stab: Sleeping          ||     6
 Armour: Skin              ||     5
  Dodge: Dodged            ||    41

Table legend: (Time is in decaauts)
 A = Elapsed time spent in this place.
 B = Non-inter-level travel time spent in this place.
 C = Inter-level travel time spent in this place.
 D = Time resting spent in this place.
 E = Time spent auto-exploring this place.
 F = Levels seen in this place.
 G = Mean time per level.
                   A        B        C        D        E       F      G
               +--------+--------+--------+--------+--------+-----+--------+
         Total |    979 |    922 |     57 |      0 |    752 |   2 |  489.5 |
       Dungeon |    979 |    922 |     57 |      0 |    752 |   2 |  489.5 |
               +--------+--------+--------+--------+--------+-----+--------+

Top non-repeatable levels by time:
     D:1: 835 daAuts
     D:2: 144 daAuts
